 Dungeon Crawl Stone Soup version 0.29-a0-350-g7790a0e70a (webtiles) character file.

Game seed: 13747432257973009270

53 spaghetti the Shield-Bearer (level 3, -2/35 HPs)
             Began as a Gnoll Fighter on Apr 22, 2022.
             Slain by a worm (7 damage)
             ... on level 2 of the Dungeon.
             The game lasted 00:01:57 (1332 turns).

spaghetti the Shield-Bearer (Gnoll Fighter)         Turns: 1332, Time: 00:01:57

Health: -2/35      AC:  7    Str: 15    XL:     3   Next: 87%
Magic:  4/4        EV:  9    Int:  9    God:
Gold:   36         SH:  5    Dex: 11    Spells: 4/4 levels left

rFire   . . .      SeeInvis .     - Unarmed
rCold   . . .      Faith    .   b - +0 buckler
rNeg    . . .      Spirit   .   a - +0 scale mail
rPois   .          Reflect  .   (no helmet)
rElec   .          Harm     .   (no cloak)
rCorr   .          Rampage  .   (no gloves)
Will    .....                   (no boots)
Stlth   ..........              (no amulet)
HPRegen 0.11/turn               (no ring)
MPRegen 0.09/turn               (no ring)

@: mighty
A: fangs 1, strong nose, distributed training
a: no special abilities


You were on level 2 of the Dungeon.
You visited 1 branch of the dungeon, and saw 2 of its levels.

You collected 36 gold pieces.


Innate Abilities, Weirdness & Mutations

You have very sharp teeth.
Your uncanny sense of smell can sniff out nearby items.
Your experience applies equally to all skills.


   Skills:
 + Level 6.5 Fighting
 + Level 1.0 Short Blades
 + Level 1.0 Long Blades
 + Level 1.0 Axes
 + Level 1.0 Maces & Flails
 + Level 1.0 Polearms
 + Level 1.0 Staves
 + Level 1.0 Slings
 + Level 1.0 Bows
 + Level 1.0 Crossbows
 + Level 1.0 Throwing
 + Level 6.5 Armour
 + Level 1.0 Dodging
 + Level 1.0 Stealth
 + Level 6.5 Shields
 + Level 4.6 Unarmed Combat
 + Level 1.0 Spellcasting
 + Level 0.7 Conjurations
 + Level 0.7 Hexes
 + Level 0.7 Summonings
 + Level 0.7 Necromancy
 + Level 0.7 Translocations
 + Level 0.7 Transmutations
 + Level 0.7 Fire Magic
 + Level 0.7 Ice Magic
 + Level 0.7 Air Magic
 + Level 0.7 Earth Magic
 + Level 0.7 Poison Magic
 + Level 1.0 Invocations
 + Level 1.0 Evocations


You had 4 spell levels left.
You didn't know any spells.
Your spell library was empty.

Inventory:

Missiles
 e - 89 stones (quivered) {throwing}
Armour
 a - a +0 scale mail (worn)
 b - a +0 buckler (worn)
Scrolls
 f - a scroll of vulnerability {unknown}
 h - a scroll of silence {unknown}
 i - 2 scrolls of identify {unknown}
 k - a scroll of blinking {unknown}
Potions
 d - a potion of lignification {unknown}
 g - a potion of curing {unknown}
 j - a potion of attraction {unknown}
 l - a potion of invisibility {unknown}

Dungeon Overview and Level Annotations

Branches:
Dungeon (2/15)

Altars:

Shops:
D:1

(* .###..#.
#..##....##†#...# ...
.... ...#..... #.#.#.#
........ #....# #.#.#.#
..... .. +....# #.....#
#.. .###. #....#
#...######..# .#
#....###...........## .#
+.................... .
...#....###...###.....##
.#
......w@.##...###.....##
.##
...#####.##..........)..
... ∆ ..
.......#........ #. .
.##...........##
......###....###
.#..#.#∆#.#.<### ..
..#.#..†..## . ∆ ..
........#... ...
.##.##......


You could see a worm.


Message History

Your Dodging skill increases to level 1!
Your Stealth skill increases to level 1!
Your Spellcasting skill increases to level 1!
Your Evocations skill increases to level 1!
You see here a giant cockroach corpse. 😎 HP[+1]
Your hp is fully restored (35).
Key pressed, stopping explore.
A kobold comes into view. It is wielding a +0 short sword.
The kobold shouts!
A worm comes into view.
An endoplasm comes into view.
There are monsters nearby!
There are monsters nearby!
You hit the kobold but do no damage. The kobold closely misses you.
You barely miss the kobold. You barely miss the kobold.
The kobold hits you with a +0 short sword.
You are too injured to fight recklessly! 😕 HP[-3]
You take 3 damage, and now have 32/35 hp.
You are too injured to fight recklessly!
You are too injured to fight recklessly!
You are too injured to fight recklessly!
You are too injured to fight recklessly!
You are too injured to fight recklessly!
You are too injured to fight recklessly!
You are too injured to fight recklessly!
You are too injured to fight recklessly!
You are too injured to fight recklessly!
You are too injured to fight recklessly!
You are too injured to fight recklessly!
You are too injured to fight recklessly!
You are too injured to fight recklessly!
You are too injured to fight recklessly!
You are too injured to fight recklessly!
You are too injured to fight recklessly!
You are too injured to fight recklessly!
You are too injured to fight recklessly!
You are too injured to fight recklessly!
You hit the kobold.
The kobold hits you with a +0 short sword. 😕 HP[-3]
You take 3 damage, and now have 29/35 hp.
You barely miss the kobold. You block the kobold's attack.
You hit the kobold.
You kill the kobold!
The endoplasm completely misses you.
The endoplasm hits you but does no damage.
Things that are here:
a +0 short sword {short}; a kobold corpse You hit the endoplasm but do no damage.
The endoplasm freezes you.
You are frozen. 😮 HP[-4]
You take 4 damage, and now have 25/35 hp.
You hit the endoplasm. The endoplasm freezes you.
You are frozen. 😮 HP[-1]
You take 1 damage, and now have 24/35 hp.
You completely miss the endoplasm. The endoplasm freezes you.
You are frozen. 😮 HP[-2]
You take 2 damage, and now have 22/35 hp.
You hit the endoplasm.
The endoplasm hits you but does no damage.
You barely miss the endoplasm. The endoplasm freezes you.
You are frozen.
* * * LOW HITPOINT WARNING * * *
😨 HP[-5]
You take 5 damage, and now have 17/35 hp.
You hit the endoplasm but do no damage. The endoplasm freezes you.
You are frozen.
* * * LOW HITPOINT WARNING * * *
😨 HP[-3]
You take 3 damage, and now have 14/35 hp.
You barely miss the worm. You block the worm's attack.
The endoplasm barely misses you. 😨 HP[+1]
You barely miss the endoplasm. You bite the endoplasm.
The endoplasm freezes you.
You are frozen.
* * * LOW HITPOINT WARNING * * *
The worm closely misses you. 😨 HP[-5]
You take 5 damage, and now have 10/35 hp.
You hit the endoplasm.
You kill the endoplasm!
You hit the worm but do no damage. You block the worm's attack.
You hit the worm. You hit the worm. The worm bites you.
* * * LOW HITPOINT WARNING * * *
😱 HP[-5]
You take 5 damage, and now have 5/35 hp.
You feel very mighty all of a sudden.
You punch the worm! The worm bites you!
You die...

Skill      XL: |  1  2  3 |
---------------+----------+-----
Invocations    | 1 |  1.0
Short Blades   | 1 |  1.0
Long Blades    | 1 |  1.0
Axes           | 1 |  1.0
Maces & Flails | 1 |  1.0
Polearms       | 1 |  1.0
Staves         | 1 |  1.0
Slings         | 1 |  1.0
Bows           | 1 |  1.0
Crossbows      | 1 |  1.0
Throwing       | 1 |  1.0
Dodging        | 1 |  1.0
Stealth        | 1 |  1.0
Spellcasting   | 1 |  1.0
Evocations     | 1 |  1.0
Fighting       | |  6.5
Armour         | |  6.5
Shields        | |  6.5
Unarmed Combat | |  4.6
Conjurations   | |  0.7
Hexes          | |  0.7
Summonings     | |  0.7
Necromancy     | |  0.7
Translocations | |  0.7
Transmutations | |  0.7
Fire Magic     | |  0.7
Ice Magic      | |  0.7
Air Magic      | |  0.7
Earth Magic    | |  0.7
Poison Magic   | |  0.7

Action                   || total
-------------------------++-------
Melee: Unarmed           ||   137
       Bite              ||    10
  Use: Potion            ||     1
Armor: Scale mail        ||    78
Dodge: Dodged            ||    60
Block: Buckler           ||    33

Levels and vault maps discovered:
D:1:      amcnicky_arrival_blooded_trapdoor, layout_basic,
          chequers_ecumenical_altar_simple_redux, serial_shops,
          nicolae_shop_overgrown_old_shop, shop
D:2:      layout_basic, minmay_fractal_squares_5

Notes
Turn   | Place    | Note
-------+----------+-------------------------------------------
     0 | D:1      | spaghetti the Gnoll Fighter began the quest for the Orb.
     0 | D:1      | Reached XP level 1. HP: 23/23 MP: 1/1
     0 | D:1      | magus.rc [v1.9.6]
    23 | D:1      | Found Erestrur's General Store.
   229 | D:1      | Found a faded altar of an unknown god.
   347 | D:1      | Reached XP level 2. HP: 29/29 MP: 2/2
   424 | D:1      | Found Picziwn's Antique Weapon Shoppe.
   704 | D:1      | Reached XP level 3. HP: 21/35 MP: 3/3
   869 | D:2      | Reached skill level 1 in Invocations
  1297 | D:2      | Reached skill level 1 in Short Blades
  1297 | D:2      | Reached skill level 1 in Long Blades
  1297 | D:2      | Reached skill level 1 in Axes
  1297 | D:2      | Reached skill level 1 in Maces & Flails
  1297 | D:2      | Reached skill level 1 in Polearms
  1297 | D:2      | Reached skill level 1 in Staves
  1297 | D:2      | Reached skill level 1 in Slings
  1297 | D:2      | Reached skill level 1 in Bows
  1297 | D:2      | Reached skill level 1 in Crossbows
  1297 | D:2      | Reached skill level 1 in Throwing
  1297 | D:2      | Reached skill level 1 in Dodging
  1297 | D:2      | Reached skill level 1 in Stealth
  1297 | D:2      | Reached skill level 1 in Spellcasting
  1297 | D:2      | Reached skill level 1 in Evocations
  1330 | D:2      | HP: 5/35 [worm (5)]
  1332 | D:2      | Slain by a worm

Vanquished Creatures
  2 adders
  A dart slug (D:2)
  3 endoplasms
  2 giant cockroaches (D:2)
  3 hobgoblins (D:1)
  A jackal (D:2)
  6 kobolds
  2 quokkas (D:1)
  2 ball pythons (D:2)
  3 bats
  A frilled lizard (D:1)
  2 goblins (D:1)
  5 rats
33 creatures vanquished.

Table legend:
 A = Non-vault XP
 B = Vault XP
 C = Vault XP percentage of total XP
 D = Non-vault monster count
 E = Vault monster count
 F = Vault count percentage of total count
                 A         B        C        D         E       F
            +---------+---------+-------+---------+---------+-------
      Total |      54 |      22 |  28.9 |      27 |       6 |  18.2
            +---------+---------+-------+---------+---------+-------
        D:1 |      20 |      20 |  50.0 |      14 |       5 |  26.3
        D:2 |      34 |       2 |   5.6 |      13 |       1 |   7.1
            +---------+---------+-------+---------+---------+-------

Illustrated notes

Table legend:
 A = Kills in this place as a percentage of kills in entire the game.
 B = Kills by you in this place as a percentage of kills by you in the entire game.
 C = Kills by friends in this place as a percentage of kills by friends in the entire game.
 D = Other kills in this place as a percentage of other kills in the entire game.
 E = Experience gained in this place as a percentage of experience gained in the entire game.
 F = Experience gained in this place divided by the number of levels of this place that you have seen.
                   A       B       C       D       E      F
               +-------+-------+-------+-------+-------+----------------------
         Total | 100.0 | 100.0 |   N/A |   N/A | 100.0 |  38.0
       Dungeon | 100.0 | 100.0 |   N/A |   N/A | 100.0 |  38.0
               +-------+-------+-------+-------+-------+----------------------

Table legend: (Time is in decaauts)
 A = Elapsed time spent in this place.
 B = Non-inter-level travel time spent in this place.
 C = Inter-level travel time spent in this place.
 D = Time resting spent in this place.
 E = Time spent auto-exploring this place.
 F = Levels seen in this place.
 G = Mean time per level.
                   A        B        C        D        E       F      G
               +--------+--------+--------+--------+--------+-----+--------+
         Total |   1326 |   1283 |     43 |    114 |    919 |   2 |  663.0 |
       Dungeon |   1326 |   1283 |     43 |    114 |    919 |   2 |  663.0 |
               +--------+--------+--------+--------+--------+-----+--------+

Top non-repeatable levels by time:
     D:1: 823 daAuts
     D:2: 503 daAuts
